Map: Goldenaura LE

Players

Nitix - Winner!

  • Race: Zerg Zerg
  • Spawn Location: 5:00

Fjant

  • Race: Zerg Zerg
  • League: Master
  • Spawn Location: 12:00

Event: Bellum Gens Elite Stara Zagora 2024

VOD

Have the link to the VOD?

Description

Time

  • Played on: Sept. 6, 2024, 2:10 p.m.
  • Length: 10:39

All games in this series

Show
View Real Time Build Order
Export as new Build Order

Nitix Zerg - Winner!

Build Orders: Hatch First 

Get SALT Encoding   

  12  0:01  Drone  
  13  0:11  Overlord  
  13  0:17  Drone  
  14  0:30  Drone x2  
  16  0:48  Hatchery  
  15  0:51  Drone  
  15  0:54  Drone  
  17  0:58  Drone  
  18  1:08  Extractor  
  17  1:13  Spawning Pool  
  17  1:16  Drone  
  17  1:20  Drone  
  18  1:29  Drone  
  19  1:38  Drone  
  20  1:49  Drone  
  21  1:59  Overlord  
  21  2:00  Queen x2  
  21  2:01  Zergling x2  
  26  2:08  Metabolic Boost  
  26  2:11  Drone x2  
  28  2:22  Zergling x4  
  30  2:34  Hatchery  
  30  2:37  Drone  
  30  2:40  Drone  
  31  2:55  Overlord  
  31  2:56  Drone x2  
  33  3:00  Baneling Nest  
  32  3:08  Drone x3  
  32  3:11  Drone  
  36  3:13  Drone x3  
  36  3:16  Zergling x2  
  36  3:17  Zergling x2  
  41  3:27  Overlord  
  41  3:28  Drone  
  41  3:32  Roach Warren  
  41  3:39  Zergling x4  
  43  3:44  Baneling x3  
  43  3:47  Zergling x12  
  48  4:01  Drone x6  
  54  4:03  Baneling x2  
  54  4:10  Drone x3  
  54  4:11  Overlord  
  57  4:21  Drone x2  
  56  4:28  Extractor  
  56  4:29  Queen, Extractor  
  56  4:31  Evolution Chamber  
  56  4:36  Lair  
  52  4:49  Drone x12  
  64  4:54  Roach x2  
  64  4:58  Overlord  
  64  5:03  Overlord  
  64  5:18  Roach  
  64  5:19  Roach x4  
  74  5:28  Roach x5  
  82  5:31  Overlord x4  
  81  5:41  Zerg Missile Weapons Level 1  
  81  5:49  Overlord  
  81  5:51  Drone x5  
  81  5:52  Extractor  
  81  5:53  Drone  
  81  5:54  Drone  
  81  5:56  Extractor x2  
  85  5:57  Glial Reconstitution  
  85  5:59  Overseer  
  85  6:03  Ravager  
  86  6:07  Drone  
  86  6:08  Drone x8  
  95  6:25  Roach x6  
  107  6:29  Hatchery  
  106  6:33  Drone x2  
  106  6:34  Drone  
  106  6:36  Overlord  
  106  6:38  Roach x4  
  117  6:50  Hydralisk Den, Roach  
  117  6:51  Roach x2  
  117  6:52  Overlord x2  
  122  6:59  Spire  
  121  7:07  Overlord x2  
  121  7:10  Drone  
  121  7:11  Drone  
  121  7:12  Drone x6  
  129  7:21  Roach  
  129  7:22  Roach  
  134  7:23  Overlord x2  
  134  7:24  Roach x3  
  140  7:37  Zerg Missile Weapons Level 2  
  140  7:38  Roach x5  
  140  7:42  Queen  
  152  7:46  Roach x4  
  152  7:50  Ravager x4  
  164  7:57  Roach x8  
  180  8:02  Roach  
  180  8:03  Roach  
  184  8:10  Overlord x2  
  176  8:15  Mutalisk x4  
  176  8:17  Zergling x2  
  176  8:18  Zergling x2  
  172  8:27  Mutalisk  
  172  8:30  Overlord, Extractor x2  
  172  8:32  Mutalisk  
  172  8:34  Mutalisk  
  172  9:02  Roach x16  
  185  9:16  Roach x12  
  187  9:25  Roach  
  187  9:26  Roach x6  
  177  9:40  Roach x6  
  187  9:50  Mutalisk x3  
  191  9:54  Drone x3  
  191  9:55  Drone  
  155  10:18  Roach x12  
Show
View Real Time Build Order
Export as new Build Order

Fjant Zerg 

Build Orders: Hatch First 

Get SALT Encoding   

  12  0:00  Drone  
  13  0:12  Overlord  
  13  0:17  Drone  
  14  0:30  Drone x2  
  16  0:48  Hatchery  
  15  0:51  Drone  
  16  0:59  Drone x2  
  18  1:13  Extractor  
  18  1:14  Spawning Pool  
  18  1:18  Drone  
  17  1:21  Drone  
  18  1:28  Drone  
  19  1:39  Drone  
  20  1:52  Drone  
  21  2:01  Zergling x2  
  22  2:02  Queen x2  
  22  2:04  Overlord  
  26  2:10  Drone  
  26  2:11  Drone  
  26  2:15  Metabolic Boost  
  28  2:23  Drone x2  
  30  2:35  Hatchery  
  29  2:38  Drone  
  29  2:43  Drone  
  29  2:44  Drone  
  32  2:55  Overlord, Baneling Nest  
  31  2:59  Overlord  
  31  3:02  Zergling x2  
  32  3:07  Zergling x4  
  32  3:09  Drone  
  32  3:11  Overlord  
  35  3:19  Zergling x6  
  37  3:23  Drone x2  
  39  3:31  Drone x2  
  41  3:39  Drone x2  
  41  3:41  Evolution Chamber  
  42  3:45  Baneling  
  42  3:46  Drone x2  
  44  3:50  Drone x3  
  44  3:51  Baneling  
  47  3:57  Drone, Overlord  
  47  4:03  Drone, Roach Warren  
  47  4:07  Overlord  
  47  4:08  Drone  
  47  4:09  Drone  
  48  4:17  Zergling x6  
  51  4:22  Zergling x6  
  48  4:27  Zerg Missile Weapons Level 1  
  48  4:28  Baneling x2  
  48  4:29  Baneling  
  48  4:34  Zergling x6  
  49  4:47  Drone x3  
  49  4:48  Lair  
  49  4:49  Extractor  
  51  4:58  Queen  
  53  5:00  Overlord  
  53  5:02  Drone x3  
  56  5:13  Overlord  
  56  5:17  Drone  
  56  5:21  Drone x2  
  59  5:25  Drone x2  
  59  5:26  Drone  
  59  5:27  Drone x8  
  65  5:29  Drone  
  65  5:33  Extractor  
  65  5:34  Drone x3  
  68  5:37  Roach  
  68  5:41  Roach x2  
  74  5:46  Roach  
  74  5:47  Roach x2  
  80  5:50  Roach x2  
  80  5:52  Roach  
  80  5:55  Spine Crawler  
  85  5:59  Roach  
  85  6:01  Roach  
  89  6:05  Drone x4, Glial Reconstitution  
  89  6:07  Drone x2  
  89  6:08  Drone x2  
  94  6:12  Evolution Chamber  
  93  6:19  Drone x2, Extractor  
  93  6:20  Drone x3  
  93  6:21  Extractor  
  93  6:23  Extractor  
  93  6:25  Overseer  
  95  6:31  Zerg Missile Weapons Level 2  
  95  6:32  Roach  
  97  6:35  Overlord  
  97  6:36  Overlord x2  
  97  6:46  Zerg Ground Armor Level 1  
  97  6:47  Hatchery  
  97  6:53  Roach  
  97  6:54  Roach x3  
  104  6:57  Roach x2  
  108  7:01  Roach  
  108  7:02  Roach x2  
  108  7:06  Roach x2  
  118  7:11  Roach x2  
  118  7:12  Overlord  
  122  7:16  Overlord x2  
  122  7:17  Overlord  
  122  7:19  Pneumatized Carapace  
  122  7:20  Overlord  
  122  7:22  Overlord  
  122  7:27  Overlord x2  
  122  7:28  Overlord  
  122  7:32  Ravager x3  
  122  7:33  Ravager  
  122  7:35  Roach x2  
  130  7:38  Roach  
  130  7:43  Roach x2  
  136  7:47  Roach  
  136  7:48  Roach x3  
  144  8:04  Roach x8  
  149  8:16  Roach x9  
  166  8:22  Roach x3  
  171  8:36  Roach x6  
  171  8:39  Roach  
  171  8:40  Roach x2  
  187  9:00  Hydralisk Den  
  187  9:02  Roach x6  
  180  9:10  Roach  
  180  9:11  Roach x5  
  178  9:28  Roach x3  
  139  9:36  Hydralisk x7  
  143  9:45  Roach  
  143  9:46  Roach x2  
  143  9:49  Roach  
  143  9:52  Roach x2  
  151  9:56  Roach  
  151  10:01  Roach x2  
  137  10:08  Roach  
  137  10:09  Roach x4  
  137  10:11  Roach  
  137  10:12  Roach  
  127  10:20  Roach  
Tags
 
Add a new tag
Caveats
  • Supply blocks, unpowered buildings, or Contaminate may cause inaccurate times.
  • Supply counts are checked every 10 seconds.